 Dungeon Crawl Stone Soup version 0.31-a0-799-g6bc09d010c (webtiles) character file.

Game seed: 13589239103615488372

27 cforsyth the Sneak (level 3, 0/30 HPs)
             Began as a Djinni Delver on Sept 20, 2023.
             Was an Initiate of Hepliaklqana.
             Slain by a water moccasin (5 damage)
             ... in a sewer.
             The game lasted 00:03:11 (770 turns).

cforsyth the Sneak (Djinni Delver)                   Turns: 770, Time: 00:03:11

Health: 0/30       AC:  3    Str: 11    XL:     3   Next: 25%
Gold:   42         EV: 12    Int: 13    God:    Hepliaklqana [......] SH:  0 Dex: 14

rFire   + + .        a - +0 falchion
rCold   x . .        (no shield)
rNeg    . . .        b - +0 leather armour
rPois   ∞            (no helmet)
rElec   .            (no cloak)
rCorr   .            (no gloves)
SInv    .            (boots unavailable)
Will    .....        (no amulet)
Stlth   ++           (no ring)
HPRegen 0.25/turn    (no ring)
MPRegen 0.00/turn

%: infuse magic (-1 HP)
@: flying
A: sickness immunity, fire resistance 2, cold vulnerability 1, float, innate
caster, HP casting, extra vitality 1
a: Renounce Religion


You were in a sewer.
You worshipped Hepliaklqana.
Hepliaklqana was noncommittal.
You visited 2 branches of the dungeon, and saw 4 of its levels.
You also visited: Sewer.

You collected 42 gold pieces.

Inventory:

Hand Weapons
 a - a +0 falchion (weapon)
Armour
 b - a +0 leather armour (worn)
Wands
 g - a wand of digging (3)
Scrolls
 d - a scroll of revelation
 k - a scroll of amnesia
 l - a scroll of identify


   Skills:
 + Level 3.6 Fighting
 - Level 1.7 Long Blades
 - Level 2.1 Dodging
 - Level 4.1 Stealth
 + Level 1.2 Spellcasting
 + Level 1.2 Conjurations
 + Level 1.2 Hexes
   Level 0.0 Charms
 + Level 1.2 Summonings
 + Level 1.2 Necromancy
 + Level 1.2 Translocations
 + Level 1.2 Transmutations
 + Level 1.2 Fire Magic
 + Level 1.2 Ice Magic
 + Level 1.2 Air Magic
 + Level 1.2 Earth Magic
 + Level 1.2 Poison Magic


You knew the following spells:

 Your Spells              Type           Power      Damage    Failure   Level
a - Apportation           Tloc           6%         N/A       22%         1
Your spell library was empty.

Dungeon Overview and Level Annotations

Branches:
Dungeon (5/15)             Temple (1/1) D:4           Sewer (1/1)

Altars:
Ashenzari
Cheibriados
Dithmenos
Gozag
Hepliaklqana
Okawaru
Qazlal
Ru
Trog
Uskayaw
Wu Jian
Zin
The Shining One

Annotations:
Temple 2 transporters


Innate Abilities, Weirdness & Mutations

You are immune to sickness and miasma.
You are immune to poison.
Your flesh is very heat resistant. (rF++)
You are vulnerable to cold. (rC-)
You float through the air rather than walking.
You learn spells naturally, not from books.
Your magical power is your life essence.
You have superior vitality. (+4 MHP)


Message History

The water moccasin bites your giant cockroach. x2
Your giant cockroach dies!
Your giant cockroach's corpse dissolves into shadows!
The water moccasin barely misses your frilled lizard.
Your frilled lizard barely misses the water moccasin.
The water moccasin bites your frilled lizard!
Your frilled lizard dies!
Your frilled lizard's corpse dissolves into shadows!
The water moccasin barely misses your worm.
The water moccasin bites your worm but does no damage.
The water moccasin bites your worm. The water moccasin bites your worm.
Your worm bites the water moccasin.
The water moccasin bites your worm!
Your worm is poisoned.
The water moccasin poisons your worm! The water moccasin bites your worm!
Your worm dies!
Your worm's corpse dissolves into shadows!
Your bat misses the water moccasin. The water moccasin bites your bat.
Your bat dies!
Your bat's corpse dissolves into shadows!
As you read the scroll of fog, it dissolves into smoke.
The water moccasin attacks as it pursues you!
The water moccasin bites you.
* * * LOW HITPOINT WARNING * * *
The water moccasin bites you.
* * * LOW HITPOINT WARNING * * *
You closely miss the water moccasin.
The water moccasin is moderately wounded.
The water moccasin bites you but does no damage. x2
You miss the water moccasin.
The water moccasin is moderately wounded.
The water moccasin bites you but does no damage.
The water moccasin bites you.
* * * LOW HITPOINT WARNING * * *
Okay, then.
You hit the water moccasin.
The water moccasin is heavily wounded.
The water moccasin bites you.
You die...

### #~# ######~#
######## #...##~##
###§§§§§.###
#.∩.#.~.#
###§§§§§§§.S.###
#.∩...~.#
###.~§§§####~...~#
#....†~.###....S###
###.~...#
######†..~.~~~@##
##..~~..
#.....~~###.....#
~~~~## #.....~.#
###.....# .~##~!
#.....~.# ###.....
### ?? #....#~##
##..... # #...##~#
##### #...##~#
##.###~# #..####


You could see a water moccasin.

Vanquished Creatures
  2 adders (D:4)
  A bat (D:3)
  A hobgoblin (D:3)
  3 jackals (Sewer)
  A kobold (D:3)
  A goblin (D:4)
9 creatures vanquished.

Notes
Turn   | Place    | Note
-------+----------+-------------------------------------------
     0 | D:5      | cforsyth the Djinni Delver began the quest for the Orb.
     0 | D:5      | Reached XP level 1. HP: 20/20 MP: 0/0
    10 | D:5      | Noticed an ogre
    33 | D:4      | Found a staircase to the Ecumenical Temple.
    54 | Temple   | Found a transporter.
    54 | Temple   | Found a transporter.
    54 | Temple   | Found a transporter.
    54 | Temple   | Found a transporter.
    54 | Temple   | Entered the Ecumenical Temple
    67 | Temple   | Became a worshipper of Hepliaklqana the Forgotten
   299 | D:3      | Found a glowing drain.
   433 | D:4      | Reached XP level 2. HP: 6/25 MP: 0/0
   438 | D:4      | Reached skill level 1 in Spellcasting
   438 | D:4      | Reached skill level 1 in Conjurations
   438 | D:4      | Reached skill level 1 in Hexes
   438 | D:4      | Reached skill level 1 in Summonings
   438 | D:4      | Reached skill level 1 in Necromancy
   438 | D:4      | Reached skill level 1 in Translocations
   438 | D:4      | Reached skill level 1 in Transmutations
   438 | D:4      | Reached skill level 1 in Fire Magic
   438 | D:4      | Reached skill level 1 in Ice Magic
   438 | D:4      | Reached skill level 1 in Air Magic
   438 | D:4      | Reached skill level 1 in Earth Magic
   438 | D:4      | Reached skill level 1 in Poison Magic
   438 | D:4      | Reached XP level 3. HP: 8/30 MP: 0/0
   438 | D:4      | Learned a level 1 spell: Apportation
   454 | Sewer    | Entered a sewer
   736 | Sewer    | Noticed a water moccasin
   770 | Sewer    | Slain by a water moccasin

Illustrated notes

Levels and vault maps discovered:
D:3:      layout_basic, mainiacjoe_overflow_cross_hatched, gup_sewer_entry_glass
D:4:      layout_basic, minmay_temple_entry_overgrown, nicolae_shop_self_help,
          uniq_duvessa, uniq_blork_the_orc
D:5:      layout_cave_pools, mainiacjoe_overflow_catch_the_wave, minmay_bent,
          uniq_eustachio, uniq_menkaure
Temple:   hellmonk_temple_divided_pantheon
Sewer:    sewer_the_moccasin

Skill      XL: |  1  2 |
---------------+-------+-----
Spellcasting   | 1 |  1.2
Conjurations   | 1 |  1.2
Hexes          | 1 |  1.2
Summonings     | 1 |  1.2
Necromancy     | 1 |  1.2
Translocations | 1 |  1.2
Transmutations | 1 |  1.2
Fire Magic     | 1 |  1.2
Ice Magic      | 1 |  1.2
Air Magic      | 1 |  1.2
Earth Magic    | 1 |  1.2
Poison Magic   | 1 |  1.2
Fighting       | |  3.6
Long Blades    | |  1.7
Dodging        | |  2.1
Stealth        | |  4.1

Action                     || total
---------------------------++-------
  Melee: Falchion          ||    69
    Use: Potion            ||     4
         Scroll            ||     6
   Stab: Sleeping          ||     1
 Armour: Leather armour    ||    59
  Dodge: Dodged            ||    61

Table legend: (Time is in decaauts)
 A = Elapsed time spent in this place.
 B = Non-inter-level travel time spent in this place.
 C = Inter-level travel time spent in this place.
 D = Time resting spent in this place.
 E = Time spent auto-exploring this place.
 F = Levels seen in this place.
 G = Mean time per level.
                   A        B        C        D        E       F      G
               +--------+--------+--------+--------+--------+-----+--------+
         Total |    770 |    770 |      0 |    302 |     65 |   5 |  154.0 |
       Dungeon |    425 |    425 |      0 |    118 |      8 |   3 |  141.7 |
        Temple |     30 |     30 |      0 |      0 |      0 |   1 |   30.0 |
         Sewer |    314 |    314 |      0 |    184 |     57 |   1 |  314.0 |
               +--------+--------+--------+--------+--------+-----+--------+

Top non-repeatable levels by time:
   Sewer: 314 daAuts
     D:4: 227 daAuts
     D:3: 164 daAuts
     D:5: 33 daAuts
  Temple: 30 daAuts
